Map: Lightshade LE

Players

Denver - Winner!

  • Race: Zerg Zerg

Lambo

  • Race: Zerg Zerg

Event: DreamHack SC2 Masters 2021 Winter

VOD

Have the link to the VOD?

Description

Time

  • Played on: Oct. 14, 2021, 10:49 a.m.
  • Length: 13:37

All games in this series

Show
View Real Time Build Order
Export as new Build Order

Denver Zerg - Winner!

Build Orders: 3 Hatch before Pool 

Get SALT Encoding   

  12  0:00  Drone  
  13  0:12  Overlord  
  13  0:18  Drone  
  14  0:30  Drone x2  
  16  0:48  Hatchery  
  15  0:51  Drone  
  15  0:55  Drone  
  17  0:59  Drone  
  18  1:09  Drone  
  19  1:22  Hatchery  
  19  1:25  Drone  
  19  1:27  Extractor  
  19  1:30  Drone  
  19  1:42  Spawning Pool  
  19  1:45  Drone  
  19  1:49  Drone  
  20  2:00  Drone x2  
  22  2:11  Drone  
  22  2:12  Overlord  
  23  2:23  Drone x2  
  23  2:28  Metabolic Boost  
  23  2:29  Queen  
  25  2:32  Zergling x2  
  28  2:37  Queen  
  28  2:40  Zergling x2  
  32  2:44  Drone  
  32  2:45  Drone  
  32  2:51  Baneling Nest  
  32  2:52  Drone  
  32  2:55  Drone  
  32  2:57  Drone  
  35  3:04  Queen  
  37  3:10  Overlord  
  37  3:13  Zergling x2  
  37  3:17  Zergling x4  
  40  3:22  Queen  
  40  3:26  Overlord  
  42  3:29  Zergling x2  
  42  3:30  Zergling x2  
  44  3:34  Drone  
  44  3:35  Baneling x2  
  44  3:37  Baneling  
  44  3:39  Drone x2  
  44  3:41  Drone  
  48  3:45  Drone x2  
  48  3:47  Drone  
  51  3:50  Drone x2  
  51  3:55  Overlord  
  53  3:59  Drone x2  
  55  4:05  Evolution Chamber  
  55  4:06  Overlord  
  55  4:07  Drone  
  55  4:08  Drone  
  55  4:09  Drone  
  57  4:13  Extractor  
  57  4:15  Drone  
  57  4:16  Drone x2  
  59  4:20  Drone x3  
  61  4:29  Drone x3, Roach Warren  
  61  4:30  Drone  
  64  4:36  Zerg Ground Armor Level 1  
  64  4:38  Overlord  
  64  4:39  Extractor  
  64  4:43  Drone x3  
  66  4:45  Overlord  
  66  4:50  Zergling x2  
  66  4:51  Zergling x6  
  70  4:57  Zergling x10  
  70  4:59  Overlord  
  74  5:10  Roach x6  
  86  5:18  Overlord  
  86  5:19  Roach  
  86  5:20  Roach x2  
  92  5:27  Zergling x12  
  98  5:29  Overlord  
  98  5:32  Overlord  
  98  5:38  Zergling x4  
  98  5:40  Overlord x2  
  100  5:45  Ravager x3  
  100  5:47  Overlord  
  100  5:49  Overlord x2  
  103  5:52  Zergling x8  
  107  5:59  Ravager x2  
  108  6:04  Zergling x12  
  108  6:09  Zergling x2  
  115  6:13  Zergling x2  
  115  6:14  Zergling x8  
  118  6:24  Zergling x10  
  117  6:33  Zergling x4  
  117  6:36  Zergling x2  
  117  6:37  Zergling x6  
  117  6:38  Lair  
  105  6:40  Roach  
  105  6:44  Roach x3  
  107  6:47  Zerg Missile Weapons Level 1  
  107  6:49  Roach x2  
  107  6:52  Ravager, Zergling x2  
  110  6:54  Extractor  
  110  6:56  Zergling x6  
  110  7:00  Drone  
  113  7:06  Drone x5  
  113  7:07  Evolution Chamber  
  113  7:08  Extractor x2  
  116  7:11  Drone x2  
  116  7:15  Overlord  
  117  7:17  Roach x2  
  117  7:21  Roach  
  123  7:23  Overlord  
  123  7:26  Roach x5  
  135  7:30  Ravager x2  
  135  7:36  Overseer  
  135  7:42  Overlord  
  135  7:44  Glial Reconstitution  
  135  7:46  Zergling x12  
  135  7:47  Zergling x6  
  144  7:54  Roach x2  
  148  7:59  Ravager x3  
  148  8:02  Zergling x12  
  157  8:09  Roach  
  157  8:10  Roach x2  
  163  8:13  Drone  
  160  8:21  Roach x4  
  160  8:26  Roach  
  168  8:27  Overlord x2  
  168  8:28  Zerg Ground Armor Level 2  
  146  8:39  Roach x6  
  146  8:40  Roach  
  148  8:52  Roach x5  
  158  9:00  Ravager x3  
  161  9:06  Zergling x18  
  169  9:12  Overlord  
  169  9:17  Roach x3  
  169  9:20  Overlord  
  169  9:25  Ravager  
  169  9:30  Zergling x12  
  176  9:41  Roach x5  
  184  9:49  Baneling x11  
  174  10:04  Roach x6  
  180  10:09  Roach x2  
  180  10:11  Centrifugal Hooks  
  180  10:13  Overlord  
  184  10:22  Overlord  
  184  10:33  Roach x3  
  184  10:35  Hatchery  
  189  10:46  Roach x5  
  199  10:51  Zerg Missile Weapons Level 2  
  181  11:10  Roach x10  
  172  11:14  Roach  
  172  11:15  Roach  
  120  11:28  Roach x6  
  116  11:35  Roach x4  
  116  11:37  Overseer x2  
  118  11:42  Ravager x4  
  118  11:44  Roach  
  124  11:49  Roach  
  124  11:50  Roach x2  
  124  11:51  Roach  
  132  12:03  Roach x5  
  142  12:11  Roach x4  
  150  12:17  Roach x2  
  150  12:19  Pneumatized Carapace  
  154  12:27  Overseer  
  154  12:29  Roach x2  
  158  12:33  Ravager  
  158  12:36  Ravager  
  160  12:40  Roach x4  
  168  12:48  Roach  
  168  12:49  Roach x4  
  178  12:54  Roach x2  
  182  12:59  Roach x3  
  188  13:08  Roach x5  
Show
View Real Time Build Order
Export as new Build Order

Lambo Zerg 

Build Orders: Hatch First 

Get SALT Encoding   

  12  0:00  Drone  
  13  0:12  Overlord  
  13  0:17  Drone  
  14  0:30  Drone x2  
  16  0:47  Hatchery  
  16  0:50  Drone  
  16  0:54  Drone  
  17  1:07  Spawning Pool  
  17  1:09  Extractor  
  16  1:11  Drone  
  16  1:15  Drone  
  17  1:18  Drone  
  18  1:27  Drone  
  19  1:41  Drone  
  20  1:50  Drone  
  21  1:58  Queen x2  
  21  1:59  Zergling x2, Overlord  
  26  2:12  Zergling x2  
  26  2:13  Drone  
  28  2:20  Drone  
  29  2:32  Drone  
  29  2:34  Queen x2, Overlord  
  34  2:47  Spine Crawler  
  34  2:49  Drone  
  35  2:51  Overlord  
  35  2:53  Drone x2  
  35  2:54  Drone  
  39  3:05  Drone x2  
  39  3:07  Drone x4  
  39  3:10  Drone x2  
  46  3:16  Drone  
  46  3:17  Drone  
  48  3:20  Lair  
  48  3:24  Evolution Chamber  
  47  3:31  Drone, Roach Warren  
  47  3:37  Overlord  
  47  3:38  Drone  
  47  3:39  Drone  
  47  3:40  Drone  
  50  3:43  Drone, Extractor  
  50  3:44  Drone  
  51  3:49  Evolution Chamber  
  51  3:52  Zerg Missile Weapons Level 1, Drone  
  51  3:55  Drone, Extractor x2  
  51  3:57  Drone  
  51  4:00  Drone  
  51  4:01  Drone  
  53  4:05  Drone  
  53  4:08  Overlord  
  53  4:09  Drone x2  
  56  4:11  Overlord  
  56  4:18  Overlord  
  56  4:19  Glial Reconstitution  
  56  4:26  Overlord  
  62  4:31  Roach x4  
  64  4:40  Roach  
  64  4:41  Roach x3  
  72  4:47  Roach x2  
  76  5:01  Roach x2  
  76  5:04  Hatchery  
  79  5:07  Overlord  
  79  5:13  Roach x4  
  87  5:17  Roach x2  
  87  5:19  Overlord  
  91  5:25  Overlord  
  91  5:27  Ravager x4  
  95  5:29  Roach  
  95  5:33  Overlord  
  97  5:36  Roach  
  97  5:40  Roach x2  
  103  5:43  Overlord  
  103  5:46  Overlord  
  103  5:50  Roach x2  
  103  5:56  Roach x2  
  111  5:58  Roach  
  111  6:03  Roach x2  
  117  6:10  Roach x2  
  121  6:13  Roach x2  
  123  6:19  Roach x2  
  123  6:20  Roach  
  131  6:25  Roach  
  131  6:37  Roach x2  
  131  6:38  Roach  
  108  6:40  Roach x3  
  108  6:45  Zerg Missile Weapons Level 2, Roach  
  108  6:46  Zerg Ground Armor Level 1  
  97  6:53  Drone  
  98  6:55  Hatchery  
  98  6:56  Drone  
  98  7:03  Queen  
  98  7:06  Roach x2  
  104  7:12  Overlord  
  104  7:13  Pneumatized Carapace  
  104  7:16  Ravager x2  
  104  7:18  Roach  
  108  7:23  Overlord  
  108  7:24  Roach x2  
  108  7:29  Overlord  
  114  7:30  Roach  
  114  7:31  Ravager  
  114  7:34  Roach  
  114  7:36  Roach  
  119  7:39  Roach  
  119  7:44  Roach x2  
  125  7:49  Roach x2  
  129  7:58  Roach  
  131  8:02  Roach  
  133  8:08  Roach x2  
  133  8:12  Roach  
  137  8:23  Roach  
  137  8:24  Roach x7  
  145  8:31  Roach  
  137  8:35  Roach  
  137  8:39  Roach  
  137  8:40  Ravager  
  130  8:47  Roach  
  132  8:49  Ravager  
  132  8:51  Hatchery  
  132  8:52  Roach  
  134  9:00  Roach x2  
  138  9:07  Roach  
  140  9:14  Ravager  
  140  9:15  Roach  
  143  9:21  Roach x2  
  143  9:22  Overlord  
  147  9:29  Overlord  
  147  9:36  Ravager  
  148  9:43  Roach x4  
  156  9:48  Roach x2  
  156  9:51  Roach x2  
  156  9:52  Overlord  
  163  9:55  Roach  
  163  9:56  Roach  
  163  9:58  Roach  
  153  10:05  Roach x2  
  148  10:13  Tunneling Claws  
  148  10:14  Burrow  
  148  10:15  Roach  
  148  10:17  Ravager  
  148  10:18  Ravager  
  148  10:20  Roach  
  154  10:23  Roach  
  156  10:30  Drone x3  
  156  10:32  Overseer  
  159  10:36  Extractor  
  159  10:37  Roach  
  159  10:40  Roach  
  162  10:45  Drone x2  
  162  10:46  Roach  
  168  10:50  Roach  
  168  10:51  Ravager  
  168  10:56  Roach  
  171  10:59  Roach  
  171  11:01  Roach  
  171  11:03  Roach  
  171  11:06  Roach  
  171  11:08  Roach  
  171  11:11  Roach  
  132  11:13  Roach  
  132  11:16  Roach  
  111  11:19  Roach  
  111  11:22  Roach  
  97  11:26  Roach  
  97  11:28  Roach  
  97  11:31  Roach  
  99  11:35  Roach x12  
  99  11:37  Roach x8  
  99  11:38  Roach  
  103  11:42  Ravager  
  103  11:44  Roach  
  106  11:47  Roach x2  
  106  11:51  Roach  
  112  11:59  Roach x2  
  110  12:02  Roach x7  
  110  12:07  Roach x2  
  110  12:10  Roach  
  110  12:11  Roach  
  110  12:14  Roach  
  114  12:16  Drone  
  114  12:20  Roach x2  
  119  12:26  Drone x2  
  119  12:27  Drone  
  119  12:29  Roach  
  124  12:32  Roach  
  124  12:34  Roach  
  124  12:36  Roach x4  
  128  12:45  Roach x3  
  128  12:46  Roach  
  128  12:48  Roach  
  138  12:56  Ravager  
  138  12:57  Ravager x2, Roach x3  
  147  12:59  Ravager  
  147  13:02  Roach  
  147  13:04  Roach  
  152  13:06  Roach  
  152  13:09  Roach  
  152  13:12  Roach  

Tags
 
Add a new tag
Caveats
  • Supply blocks, unpowered buildings, or Contaminate may cause inaccurate times.
  • Supply counts are checked every 10 seconds.